 Dungeon Crawl Stone Soup version 0.20.0-15-g7f486f2 (webtiles) character file.

2719 Ic0n the Fighter (level 9, -6/82 HPs)
             Began as a Hill Orc Monk on June 17, 2017.
             Mangled by a hornet (7 damage)
             ... on level 6 of the Dungeon.
             The game lasted 00:18:39 (9149 turns).

Ic0n the Fighter (Hill Orc Monk)                    Turns: 9149, Time: 00:18:40

Health: -6/82      AC: 13    Str: 16    XL:     9   Next: 66%
Magic:  9/9        EV: 14    Int: 10    God:
Gold:   387        SH:  0    Dex: 14    Spells: 8/8 levels left

rFire    . . .     SeeInvis .   e - +0 flail (crush)
rCold    . . .     Gourm    .   (no shield)
rNeg     . . .     Faith    .   d - +0 ring mail
rPois    .         Spirit   .   q - +2 helmet
rElec    .         Reflect  .   f - +1 cloak {MR+}
rCorr    .         Harm     .   (no gloves)
MR       +....                  m - +0 pair of boots
Stlth    +.........             (no amulet)
Regen    0.3/turn               (no ring)
MPRegen  0.2/turn               (no ring)

@: lethally poisoned (-6 -> -38), slowed, very slow
A: no striking features
a: no special abilities


You were on level 6 of the Dungeon.
You were not hungry.

You visited 1 branch of the dungeon, and saw 7 of its levels.

You collected 387 gold pieces.

Inventory:

Hand Weapons
 a - a +0 hunting sling
 b - a +3 whip of flaming
 e - a +0 flail of crushing (weapon)
 o - a +0 hand axe
 u - a +0 morningstar
Missiles
 g - a throwing net
 h - 6 javelins (quivered)
 p - 98 sling bullets
Armour
 d - a +0 ring mail (worn)
 f - a +1 cloak of magic resistance (worn)
 m - a +0 pair of boots (worn)
 q - a +2 helmet (worn)
Wands
 w - a wand of flame (24/48)
Scrolls
 i - 4 scrolls of recharging
 y - a scroll of blinking
Potions
 k - 2 potions of agility
 l - a potion of berserk rage {unknown}
 n - a potion of might {unknown}
 r - 3 potions of cancellation
 s - a potion of lignification {unknown}
 t - 3 potions of brilliance
 x - a potion of degeneration {unknown}
Comestibles
 c - 2 bread rations
 v - 5 chunks of flesh
 B - 2 meat rations


   Skills:
 + Level 8.5 Fighting
 - Level 4.7(7.1) Axes
 + Level 6.8(7.3) Maces & Flails
 + Level 6.6 Armour
 + Level 5.9 Dodging
 - Level 1.5 Stealth


You had 8 spell levels left.
You didn't know any spells.

Dungeon Overview and Level Annotations

Branches:
Dungeon (7/15)
 Temple: D:4-7

Altars:
Cheibriados
Dithmenos
Gozag
Hepliaklqana
Trog
Vehumet
Xom
Zin


Message History

You feel as though you will be slow longer.
You climb upwards.
* * * LOW HITPOINT WARNING * * *
You feel very sick.
There is a stone staircase leading down here.
You hit the hornet but do no damage.
The hornet is heavily wounded.
* * * LOW HITPOINT WARNING * * *
You feel very sick. The hornet stings you!
* * * LOW HITPOINT WARNING * * *
You are more poisoned.
You feel as though you will be slow longer.
The hornet closely misses you.
You closely miss the hornet.
The hornet is heavily wounded.
* * * LOW HITPOINT WARNING * * *
You feel very sick. The hornet stings you!
You die...

#.####.....#.# #....
#.####.#####.####.###
#.##.................
#.##.#.#.#.#.####.###
#........#.#.####.###
####.#.###.#....#....
#.#.....#....#####
#)#######......###
#@y...............
####.####.........
#.# #.####....
##.####.# #[...
#.......# #....
#.......# #....
#......## #....
#......# #....
#......# #####


You could see a hornet.

Vanquished Creatures
  Grinder (D:3)
  Sigmund (D:5)
  Eustachio (D:5)
  Edmund (D:5)
  A water moccasin (D:6)
  Duvessa (D:5)
  An ice beast (D:6)
  A sky beast (D:5)
  5 ogres
  3 centaurs
  2 bullfrogs (D:6)
  Dowan (D:5)
  A water moccasin skeleton (D:4)
  A scorpion (D:6)
  Crazy Yiuf (D:2)
  A centaur skeleton (D:4)
  A bullfrog skeleton (D:4)
  A gnoll shaman (D:5)
  An orc priest (D:7)
  A jelly (D:6)
  2 orc wizards
  Ijyb (D:2)
  Natasha (twice) (D:3)
  2 worker ants
  Robin (D:2)
  14 adders
  14 gnolls
  A shadow imp (D:5)
  5 worms
  3 dart slugs
  5 leopard geckos
  23 orcs
  3 ball pythons
  2 giant cockroaches
  8 goblins
  16 hobgoblins
  11 jackals
  7 quokkas
  A ball python skeleton (D:5)
  7 bats
  11 frilled lizards
  11 kobolds
  A leopard gecko skeleton (D:4)
  9 rats
187 creatures vanquished.

Vanquished Creatures (others)
  A hobgoblin (D:3)
1 creature vanquished.

Grand Total: 188 creatures vanquished

Notes
Turn   | Place    | Note
-------+----------+-------------------------------------------
     0 | D:1      | Ic0n the Hill Orc Monk began the quest for the Orb.
     0 | D:1      | Reached XP level 1. HP: 19/19 MP: 1/1
   155 | D:1      | Reached XP level 2. HP: 19/27 MP: 2/2
   463 | D:1      | Reached skill level 4 in Fighting
   611 | D:1      | Reached XP level 3. HP: 30/33 MP: 3/3
  1438 | D:2      | Reached skill level 1 in Armour
  1913 | D:2      | Reached XP level 4. HP: 20/40 MP: 4/4
  2155 | D:2      | Reached skill level 1 in Maces & Flails
  2517 | D:2      | Noticed Robin
  2533 | D:2      | Killed Robin
  2533 | D:2      | Reached XP level 5. HP: 42/47 MP: 5/5
  3009 | D:2      | Found a runed door.
  3014 | D:2      | Noticed Crazy Yiuf
  3025 | D:2      | Killed Crazy Yiuf
  3458 | D:3      | Noticed Grinder
  3478 | D:3      | Killed Grinder
  3478 | D:3      | Reached skill level 5 in Fighting
  3478 | D:3      | Reached XP level 6. HP: 29/56 MP: 6/6
  3744 | D:3      | Noticed Ijyb
  3760 | D:3      | Noticed Natasha
  3803 | D:2      | Killed Ijyb
  3985 | D:3      | Killed Natasha
  4235 | D:3      | Noticed Natasha
  4237 | D:3      | Reached XP level 7. HP: 61/61 MP: 7/7
  4247 | D:3      | Killed Natasha
  4788 | D:4      | Found an opulent altar of Gozag.
  5099 | D:4      | Found a radiant altar of Vehumet.
  5165 | D:4      | Reached skill level 6 in Fighting
  5365 | D:4      | Found a shadowy altar of Dithmenos.
  5489 | D:5      | Entered Level 5 of the Dungeon
  5543 | D:5      | Noticed Eustachio
  5589 | D:5      | Killed Eustachio
  5589 | D:5      | Reached XP level 8. HP: 50/71 MP: 8/8
  5890 | D:5      | Found a shimmering altar of Xom.
  5968 | D:5      | Found a hazy altar of Hepliaklqana.
  5976 | D:5      | Noticed Edmund
  5998 | D:5      | Killed Edmund
  6325 | D:5      | Reached skill level 7 in Fighting
  6325 | D:5      | Reached skill level 5 in Maces & Flails
  6325 | D:5      | Reached skill level 5 in Armour
  6467 | D:5      | Reached skill level 5 in Dodging
  6776 | D:5      | Noticed Sigmund
  6794 | D:5      | Killed Sigmund
  6798 | D:5      | Noticed Duvessa
  6824 | D:5      | Killed Duvessa
  6825 | D:5      | Noticed Dowan
  6837 | D:5      | Killed Dowan
  6837 | D:5      | Reached XP level 9. HP: 41/79 MP: 9/9
  7362 | D:6      | Found a snail-covered altar of Cheibriados.
  7618 | D:6      | Reached skill level 8 in Fighting
  7808 | D:6      | You fall through a shaft!
  8061 | D:6      | Found a bloodstained altar of Trog.
  8061 | D:6      | Found a glowing silver altar of Zin.
  8064 | D:6      | Found an opulent altar of Gozag.
  9077 | D:7      | Noticed a hornet
  9138 | D:7      | Paralysed by a hornet for 1 turns
  9144 | D:7      | HP: 3/82 [hornet (13)]
  9149 | D:6      | HP: 1/82 [poisoned by a hornet]
  9149 | D:6      | Mangled by a hornet

Skill      XL: |  1  2  3  4  5  6  7  8  9 |
---------------+----------------------------+-----
Fighting       | 4 5 6 7 8 |  8.5
Armour         | 1 2 3 4 5 6 |  6.6
Maces & Flails | 1 2 3 4 5 6 |  6.8
Dodging        | 3 4 5 |  5.9
Axes           | |  4.7
Stealth        | |  1.5

Action                   |  1- 3 |  4- 6 |  7- 9 || total
-------------------------+-------+-------+-------++-------
Melee: Hand axe          |   109 |       |       ||   109
       Whip              |    23 |   165 |   104 ||   292
       Morningstar       |       |       |   277 ||   277
       Flail             |       |       |    80 ||    80
 Fire: Hunting sling     |       |    17 |    17 ||    34
Throw: Javelin           |     2 |     6 |       ||     8
  Use: Scroll            |     5 |     4 |     5 ||    14
       Potion            |       |     4 |     2 ||     6
 Stab: Sleeping          |       |       |     1 ||     1
  Eat: Chunk             |     3 |     3 |    15 ||    21
       Bread ration      |       |     1 |       ||     1
       Fruit             |       |       |     2 ||     2
Armor: Ring mail         |    38 |    51 |   179 ||   268
Dodge: Dodged            |    81 |    97 |   311 ||   489
